[Event "AZE-ch Women 2020"]
[Site "Baku"]
[Date "2020.03.06"]
[Round "3.4"]
[White "Beydullayeva, Govhar"]
[Black "Mamedjarova, Zeinab"]
[Result "1-0"]
[ECO "A05"]
[WhiteElo "2237"]
[BlackElo "2278"]
[Annotator "ChessBase"]
[PlyCount "131"]
[EventDate "2020.03.04"]
[EventType "swiss"]
[EventCountry "AZE"]
[SourceTitle "playchess.com"]
[Source "ChessBase"]
[SourceQuality "1"]
[TimeControl "40/5400+30:1800+30"]

1. Nf3 Nf6 2. c4 e6 3. g3 d5 4. Bg2 Nbd7 5. b3 Be7 6. Bb2 O-O 7. O-O c6 8. d4 b6 9. Qc2 Ba6 10. Nbd2 Rc8 11. e4 dxe4 12. Nxe4 Nxe4 13. Qxe4 Nf6 14. Qc2 Qc7 15. Rfd1 Rfd8 16. Ne5 Bb7 17. c5 bxc5 18. dxc5 Nd5 19. a3 Ba6 20. Be4 f5 21. Bg2 Bf6 22. Re1 Rb8 23. Rad1 Qb7 24. b4 Qc7 25. Nf3 Bxb2 26. Qxb2 Bc8 27. Qe5 Qxe5 28. Nxe5 Bb7 29. Nc4 Kf7 30. Re5 Kf6 31. Rde1 Bc8 32. Nd6 Bd7 33. f4 Nc7 34. Nc4 Rbc8 35. Nd6 Rb8 36. Nc4 Rbc8 37. h3 h6 38. Kf2 g5 39. Nd6 Rb8 40. Nc4 gxf4 41. gxf4 Be8 42. Nd6 Bd7 43. Rd1 a5 44. b5 Rg8 45. b6 Nd5 46. Bxd5 cxd5 47. Rg1 Rxg1 48. Kxg1 Bc6 49. Kf2 d4 50. Re1 d3 51. Nc4 Be4 52. Ke3 Rc8 53. Kd4 Rg8 54. Nd6 d2 55. Nxe4+ fxe4 56. Rd1 Kf5 57. Rxd2 e5+ 58. fxe5 Rd8+ 59. Ke3 Rb8 60. e6 Kxe6 61. Kxe4 a4 62. Rd6+ Ke7 63. Rxh6 Rd8 64. b7 Rf8 65. c6 Re8 66. Kd5 1-0

[Event "AZE-ch Women 2020"]
[Site "Baku"]
[Date "2020.03.09"]
[Round "5.5"]
[White "Abdulla, Khayala"]
[Black "Allahverdiyeva, Ayan"]
[Result "0-1"]
[ECO "C05"]
[WhiteElo "2276"]
[BlackElo "2053"]
[Annotator "ChessBase"]
[PlyCount "90"]
[EventDate "2020.03.04"]
[EventType "swiss"]
[EventCountry "AZE"]
[SourceTitle "playchess.com"]
[Source "ChessBase"]
[SourceQuality "1"]
[TimeControl "40/5400+30:1800+30"]

1. e4 e6 2. d4 d5 3. Nd2 Nf6 4. e5 Nfd7 5. Bd3 c5 6. c3 b6 7. Ne2 Ba6 8. Bc2 Nc6 9. Nf3 cxd4 10. cxd4 Nb4 11. Bb1 Rc8 12. a3 Nc6 13. O-O Be7 14. Re1 O-O 15. Nf4 Na5 16. b3 Re8 17. Bd2 Nf8 18. Bb4 Nc6 19. Qd2 Rc7 20. Bxe7 Qxe7 21. Nh5 Ng6 22. b4 Rec8 23. g3 Nd8 24. Ng5 Rc3 25. Kg2 Bb5 26. f4 Ba4 27. Ra2 a5 28. Rb2 h6 29. Nf3 Bb3 30. f5 exf5 31. Bxf5 Ne6 32. Re3 Rxe3 33. Qxe3 Bd1 34. bxa5 bxa5 35. Rb6 Bc2 36. g4 Nh4+ 37. Nxh4 Qxh4 38. Qg3 Qg5 39. Bxe6 fxe6 40. Rb7 Qd2+ 41. Kg1 Be4 42. Rxg7+ Kh8 43. Rf7 Qxd4+ 44. Kf1 Qd1+ 45. Qe1 Bd3+ 0-1

[Event "AZE-ch Women 2020"]
[Site "Baku"]
[Date "2020.03.10"]
[Round "6.2"]
[White "Rzali, Sabina"]
[Black "Mamedjarova, Turkan"]
[Result "0-1"]
[ECO "C60"]
[WhiteElo "1921"]
[BlackElo "2310"]
[Annotator "ChessBase"]
[PlyCount "132"]
[EventDate "2020.03.04"]
[EventType "swiss"]
[EventCountry "AZE"]
[SourceTitle "playchess.com"]
[Source "ChessBase"]
[SourceQuality "1"]
[TimeControl "40/5400+30:1800+30"]

1. e4 e5 2. Nf3 Nc6 3. Bb5 g6 4. Bxc6 dxc6 5. O-O Bg7 6. d3 Bg4 7. Nbd2 Qe7 8. Nc4 Bxf3 9. Qxf3 Nf6 10. b3 Nd7 11. a4 a5 12. Ba3 c5 13. Rfe1 O-O 14. Rad1 Rfd8 15. Bb2 c6 16. Ne3 Nf8 17. Qg3 h5 18. Nc4 Nd7 19. Bc1 Qe6 20. Bd2 b6 21. Rf1 Kh7 22. f4 exf4 23. Qxf4 Rf8 24. Rde1 f6 25. Qg3 Rab8 26. Rf2 Rf7 27. Rfe2 Rg8 28. Qc7 f5 29. Qd6 Bd4+ 30. Be3 Bxe3+ 31. Rxe3 Qxd6 32. Nxd6 Rf6 33. Nc4 f4 34. R3e2 g5 35. Rf1 h4 36. Ref2 Ra8 37. Ra1 Kg6 38. h3 Re6 39. Rff1 Rf8 40. Kf2 Kf6 41. Kf3 Ne5+ 42. Ke2 Rb8 43. Nxe5 Kxe5 44. Kd2 Rg6 45. Rf2 g4 46. hxg4 Rxg4 47. Kc3 Rg3 48. Raf1 Rf8 49. Kc4 Rf7 50. Kc3 Rg4 51. Rh1 Rfg7 52. Rhf1 b5 53. axb5 cxb5 54. Kb2 b4 55. Rf3 Rf7 56. R3f2 Rg3 57. Rh1 f3 58. gxf3 h3 59. Rhf1 Kf4 60. Re1 Rg2 61. Rff1 Re7 62. Kc1 h2 63. Kd1 Reg7 64. Rh1 R7g5 65. Ref1 Rg1 66. Ke1 Rxh1 0-1

[Event "AZE-ch Women 2020"]
[Site "Baku"]
[Date "2020.03.10"]
[Round "6.3"]
[White "Abdulla, Khayala"]
[Black "Ismayil, Malak"]
[Result "1/2-1/2"]
[ECO "B22"]
[WhiteElo "2276"]
[BlackElo "1974"]
[Annotator "ChessBase"]
[PlyCount "99"]
[EventDate "2020.03.04"]
[EventType "swiss"]
[EventCountry "AZE"]
[SourceTitle "playchess.com"]
[Source "ChessBase"]
[SourceQuality "1"]
[TimeControl "40/5400+30:1800+30"]

1. e4 c5 2. c3 d6 3. d4 Nd7 4. Nf3 g6 5. Bc4 Nb6 6. Bxf7+ Kxf7 7. dxc5 h6 8. cxb6 Qxb6 9. O-O e5 10. Na3 Be6 11. Be3 Qc6 12. Nd2 g5 13. Nc2 a5 14. f3 Nf6 15. Rf2 Be7 16. Nf1 Bd8 17. Rd2 Bc7 18. Ng3 Rad8 19. Bf2 d5 20. exd5 Nxd5 21. Qe1 Nf4 22. Rxd8 Rxd8 23. Qe4 Qxe4 24. Nxe4 Bf5 25. Ne3 Bxe4 26. fxe4 Rd2 27. Nc4 Re2 28. Kf1 Rxe4 29. Nd2 Re2 30. Rd1 e4 31. Nc4 Ke6 32. g3 Rc2 33. gxf4 gxf4 34. Re1 Kd5 35. b3 Rxa2 36. Bb6 Bxb6 37. Nxb6+ Kc6 38. Nc4 e3 39. Re2 Ra1+ 40. Kg2 b5 41. Ne5+ Kd5 42. Nd3 Ke4 43. Nc5+ Kf5 44. Rc2 Rd1 45. Kf3 Rf1+ 46. Ke2 Rh1 47. Kf3 Rf1+ 48. Kg2 Rd1 49. Kf3 Rf1+ 50. Kg2 1/2-1/2

[Event "AZE-ch Women 2020"]
[Site "Baku"]
[Date "2020.03.10"]
[Round "6.4"]
[White "Allahverdiyeva, Ayan"]
[Black "Beydullayeva, Govhar"]
[Result "1-0"]
[ECO "C77"]
[WhiteElo "2053"]
[BlackElo "2237"]
[Annotator "ChessBase"]
[PlyCount "117"]
[EventDate "2020.03.04"]
[EventType "swiss"]
[EventCountry "AZE"]
[SourceTitle "playchess.com"]
[Source "ChessBase"]
[SourceQuality "1"]
[TimeControl "40/5400+30:1800+30"]

1. e4 e5 2. Nf3 Nc6 3. Bb5 a6 4. Ba4 Nf6 5. Nc3 b5 6. Bb3 Be7 7. a3 d6 8. d3 h6 9. Nd5 Be6 10. O-O O-O 11. Re1 Na5 12. Ba2 Nxd5 13. exd5 Bg4 14. b4 Nb7 15. Bb2 Bf6 16. Qe2 Qc8 17. c4 Bxf3 18. gxf3 Qh3 19. Kh1 Bg5 20. Rg1 Bf4 21. Rg2 f5 22. Rag1 g5 23. cxb5 axb5 24. d4 Rae8 25. dxe5 Bxe5 26. Bxe5 Rxe5 27. Qxb5 Qxf3 28. Qxb7 Re2 29. Bc4 Rxf2 30. Qb5 Rxg2 31. Rxg2 Qxa3 32. Bd3 Qc1+ 33. Rg1 Qe3 34. Rf1 Qe5 35. Qc4 Rf7 36. b5 Kg7 37. Qa2 Qe3 38. Qc2 f4 39. Bg6 Rf8 40. Bh5 Qe5 41. Qg6+ Kh8 42. Qxh6+ Kg8 43. Qe6+ Kg7 44. Rc1 Qxe6 45. dxe6 Kf6 46. Rxc7 Kxe6 47. Bg4+ Ke5 48. b6 f3 49. Kg1 Rf4 50. Bd7 Rb4 51. b7 g4 52. Bc6 Rb1+ 53. Kf2 Rb2+ 54. Kg3 Rg2+ 55. Kh4 Rxh2+ 56. Kxg4 f2 57. b8=Q f1=Q 58. Re7+ Kd4 59. Qb4+ {[%emt 0:00:05] Ke5} 1-0

[Event "AZE-ch Women 2020"]
[Site "Baku"]
[Date "2020.03.12"]
[Round "8.5"]
[White "Mammadova, Gulnar"]
[Black "Beydullayeva, Govhar"]
[Result "0-1"]
[ECO "C44"]
[WhiteElo "2386"]
[BlackElo "2237"]
[Annotator "RC"]
[PlyCount "124"]
[EventDate "2020.03.04"]
[EventType "tourn"]
[EventCountry "AZE"]
[SourceTitle "playchess.com"]
[Source "ChessBase"]
[SourceQuality "1"]
[TimeControl "40/5400+30:1800+30"]

1. e4 e5 2. Nf3 Nc6 3. d4 exd4 4. Nxd4 Nf6 5. Nc3 Bb4 6. Nxc6 bxc6 7. Bd3 O-O 8. O-O d5 9. exd5 cxd5 10. Qf3 c6 11. Bg5 Be7 12. Rae1 Re8 13. h3 h6 14. Bf4 Be6 15. Ne2 Qb6 16. Be5 Nd7 17. Bc3 Bf6 18. Bxf6 Nxf6 19. b3 Bd7 20. Ng3 Qa5 21. Rxe8+ Rxe8 22. a4 Qb4 23. Nf5 Bxf5 24. Qxf5 c5 25. Bb5 Re6 26. Rd1 g6 27. Qf3 Kg7 28. Bf1 h5 29. Qd3 Ne4 30. Qb5 Qc3 31. Qd3 Qf6 32. Qf3 Qxf3 33. gxf3 Nc3 34. Ra1 a5 35. Bd3 Kf6 36. h4 Ne2+ 37. Kf1 Nd4 38. Kg2 Ne2 39. Kf1 Nd4 40. Kg2 Nf5 41. Rh1 Ke5 42. c3 Rb6 43. Bb5 Rb8 44. c4 d4 45. Re1+ Kf6 46. Rh1 Rb7 47. f4 Re7 48. Kf3 d3 49. Rd1 Nxh4+ 50. Kg3 Nf5+ 51. Kg2 Nd4 52. Rxd3 Kf5 53. Kg3 Ne2+ 54. Kf3 Nd4+ 55. Kg3 Re1 56. f3 h4+ 57. Kf2 Re2+ 58. Kf1 Re7 59. b4 axb4 60. a5 b3 61. Rd2 Kxf4 62. a6 h3 0-1